 Dungeon Crawl Stone Soup version 0.27-a0-1196-g3e9cee4cb2 (webtiles) character file.

Game seed: 1528354054968290809

2209 Kold the Carver (level 9, -6/65 HPs)
             Began as a Formicid Fighter on May 27, 2021.
             Was a Believer of Okawaru.
             Killed from afar by Maggie (22 damage)
             ... with a bolt of fire
             ... on level 7 of the Dungeon on May 28, 2021.
             The game lasted 00:13:01 (7248 turns).

Kold the Carver (Formicid Fighter)                  Turns: 7248, Time: 00:13:01

Health: -6/65      AC: 12    Str: 24    XL:     9   Next: 60%
Magic:  12/12      EV:  8    Int: 24    God:    Okawaru [**....]
Gold:   251        SH: 15    Dex: 14    Spells: 8/8 levels left

rFire    . . .     SeeInvis +   a - +1 long sword (vamp)
rCold    . . .     Faith    .   c - +0 kite shield
rNeg     . . .     Spirit   .   b - +0 scale mail
rPois    +         Reflect  +   (helmet unavailable)
rElec    .         Harm     .   g - +1 cloak
rCorr    .         Rampage  .   (no gloves)
Will     .....                  f - +0 pair of boots
Stlth    +.........             x - amulet of Dawn {Reflect Fragile rPois Int+4 Dex+4 SH+5}
HPRegen  0.20/turn              e - +6 ring of intelligence
MPRegen  0.13/turn              n - +6 ring of intelligence

@: no status effects
A: permanent stasis, dig shafts and tunnels, antennae 3, four strong arms,
iridescent scales 1
a: Dig, Shaft Self, Renounce Religion, Heroism


You were on level 7 of the Dungeon.
You worshipped Okawaru.
Okawaru was pleased with you.
You visited 1 branch of the dungeon, and saw 7 of its levels.

You collected 251 gold pieces.

Inventory:

Hand Weapons
 a - a +1 vampiric long sword (weapon)
 h - a +0 triple sword of protection
Missiles
 B - a curare-tipped dart
Armour
 b - a +0 scale mail (worn)
 c - a +0 kite shield (worn)
 f - a +0 pair of boots (worn)
 g - a +1 cloak (worn)
 C - a +0 tower shield
Jewellery
 e - a +6 ring of intelligence (left hand)
 n - a +6 ring of intelligence (right hand)
 v - a ring of flight
 x - the amulet of Dawn (around neck) {Reflect Fragile rPois Int+4 Dex+4 SH+5}
   (You acquired it on level 5 of the Dungeon)

   [amulet of reflection]

   It reflects blocked missile attacks.
   It affects your intelligence (+4).
   It affects your dexterity (+4).
   It protects you from poison.
   It will be destroyed if unequipped.
   It affects your SH (+5).
Wands
 k - a wand of digging (6)
 l - a wand of flame (16)
Scrolls
 i - 2 scrolls of enchant weapon
 j - 6 scrolls of identify
 p - a scroll of brand weapon
 q - 2 scrolls of magic mapping {unknown}
 t - a scroll of fog {unknown}
 u - a scroll of fear {unknown}
 w - a scroll of summoning {unknown}
 y - a scroll of enchant armour
Potions
 d - a potion of might
 m - 2 potions of flight {unknown}
 o - 4 potions of attraction
 r - a potion of resistance {unknown}
 s - 2 potions of curing
 z - 2 potions of heal wounds {unknown}
 A - a potion of lignification {unknown}


   Skills:
 - Level 4.0 Fighting
 * Level 10.7 Long Blades
 - Level 4.0 Armour
 - Level 4.0 Stealth
 + Level 4.0 Shields
 - Level 4.0 Invocations


You had 8 spell levels left.
You didn't know any spells.
Your spell library was empty.

Dungeon Overview and Level Annotations

Branches:
Dungeon (7/15)             Temple (0/1) D:6

Altars:
Nemelex Xobeh
Okawaru

Shops:
D:5 (

Annotations:
D:4 2 transporters, jordank93's ghost, amateur DjTm
D:7 Maggie


Innate Abilities, Weirdness & Mutations

You cannot be hasted, slowed, berserked, paralysed or teleported.
You can dig through walls and to a lower floor.
You have a pair of large antennae on your head. (SInv)
Your four strong arms can wield two-handed weapons with a shield.
You are partially covered in iridescent scales. (AC +2)


Message History

Maggie points at you and mumbles some strange words.
The bolt of fire hits you!!
You slash Maggie!
Maggie is severely wounded.
You block Maggie's attack.
You barely miss Maggie.
Maggie is severely wounded.
You barely miss Maggie.
Maggie is severely wounded.
Maggie gestures at you while chanting. The bolt of fire hits you!
Your scale mail prevents you from hitting Maggie.
Maggie is severely wounded.
You block Maggie's attack.
You closely miss Maggie.
Maggie is severely wounded.
Maggie hits you with a +4 glaive of protection.
You slash Maggie!
Maggie is almost dead.
You break out of your daze.
You barely miss Maggie.
Maggie is almost dead.
You block Maggie's attack.
You closely miss Maggie.
Maggie is almost dead.
You block Maggie's attack.
You closely miss Maggie.
Maggie is almost dead.
You feel like a meek peon again.
You barely miss Maggie.
Maggie is almost dead.
Maggie gestures at you while chanting. The bolt of fire hits you!
* * * LOW HITPOINT WARNING * * *
You barely miss Maggie.
Maggie is almost dead.
Maggie hits you but does no damage. Maggie gestures at you while chanting.
The bolt of fire hits you!!
You die...

. { { ##. #!. ##.## {
### # #...# ###.. #
#...###########...####
#....@@...............
#....#####.<.......##.
#....# ............
#....# .......<###.
####.# ........###.
#.## #.........#. #..#
#.........#. ##.#
##...........
##.####..#..)....#.


You could see Maggie.

Vanquished Creatures
  Grinder (D:3)
  2 orc warriors (D:7)
  2 black bears
  A sky beast (D:6)
  2 ogres
  A necrophage (D:5)
  A kobold brigand (D:7)
  A centaur (D:4)
  3 scorpions
  A wyvern zombie (D:6)
  A bullfrog zombie (D:5)
  3 centaur skeletons
  2 centaur zombies
  2 hounds
  2 jellies
  7 orc priests
  Jessica (D:3)
  Terence (D:3)
  2 iguanas (D:7)
  3 orc wizards
  A howler monkey skeleton (D:6)
  7 adders
  A shadow imp (D:5)
  An ufetubus (D:6)
  3 worms (D:2)
  4 dart slugs
  28 orcs
  6 ball pythons
  2 bats
  8 endoplasms
  2 giant cockroaches (D:1)
  13 goblins
  11 hobgoblins
  3 jackals (D:1)
  12 kobolds
  4 quokkas
  2 frilled lizards
  3 rats
150 creatures vanquished.

Notes
Turn   | Place    | Note
-------+----------+-------------------------------------------
     0 | D:1      | Kold the Formicid Fighter began the quest for the Orb.
     0 | D:1      | Reached XP level 1. HP: 18/18 MP: 1/1
    77 | D:1      | Reached XP level 2. HP: 24/24 MP: 2/2
   146 | D:1      | Reached skill level 1 in Stealth
   323 | D:1      | Reached XP level 3. HP: 29/29 MP: 3/3
   702 | D:1      | Found a faded altar of an unknown god.
  1503 | D:2      | Reached XP level 4. HP: 36/36 MP: 4/4
  1583 | D:2      | Reached skill level 3 in Long Blades
  1595 | D:2      | Found an iron altar of Okawaru.
  1640 | D:2      | Became a worshipper of Warmaster Okawaru
  2305 | D:3      | Found a sparkling altar of Nemelex Xobeh.
  2365 | D:3      | Reached XP level 5. HP: 42/42 MP: 5/5
  2385 | D:3      | Noticed Jessica
  2389 | D:3      | Killed Jessica
  2411 | D:3      | Gained mutation: You are partially covered in iridescent
                  | scales. (AC +2) [potion of mutation]
  2712 | D:2      | Reached skill level 4 in Long Blades
  2712 | D:2      | Reached XP level 6. HP: 17/48 MP: 6/6
  3081 | D:3      | Noticed Terence
  3104 | D:3      | Killed Terence
  3625 | D:3      | Noticed Grinder
  3667 | D:3      | Killed Grinder
  3668 | D:3      | Reached skill level 5 in Long Blades
  3668 | D:3      | Reached XP level 7. HP: 15/54 MP: 7/7
  4311 | D:4      | Identified a scroll of acquirement
  4311 | D:4      | Acquired a +0 triple sword of protection
  4358 | D:4      | Reached skill level 6 in Long Blades
  4447 | D:4      | Reached * piety under Okawaru
  4484 | D:4      | Found a transporter.
  4491 | D:4      | Noticed jordank93's ghost (amateur DjTm)
  4535 | D:4      | Found a transporter.
  4690 | D:5      | Entered Level 5 of the Dungeon
  4809 | D:4      | Reached skill level 1 in Invocations
  4809 | D:4      | Reached XP level 8. HP: 51/60 MP: 7/9
  4831 | D:5      | Reached skill level 7 in Long Blades
  4903 | D:5      | Found Estra's Weapon Boutique.
  5332 | D:5      | Acquired the amulet of Dawn {Reflect Fragile rPois Int+4
                  | Dex+4 SH+5}
  5422 | D:5      | Reached skill level 8 in Long Blades
  5618 | D:6      | Reached ** piety under Okawaru
  5800 | D:6      | Found a staircase to the Ecumenical Temple.
  5819 | D:6      | Reached XP level 9. HP: 51/65 MP: 12/12
  6045 | D:6      | Reached skill level 9 in Long Blades
  6566 | D:6      | Reached skill level 10 in Long Blades
  7222 | D:7      | Noticed Maggie
  7248 | D:7      | Killed from afar by Maggie

Illustrated notes

Levels and vault maps discovered:
D:1:      eino_arrival_water_star, layout_basic,
          hellmonk_ecumenical_altar_leap_of_faith, chequers_jeans,
          minmay_tromino_mix6
D:2:      layout_basic, basic_altar, minmay_goblin_kobold_house
D:3:      layout_basic, overflow_temple_1_default, minmay_misc_feat_plants,
          uniq_terence, uniq_jessica, uniq_grinder
D:4:      layout_cave_pools, gammafunk_ghost_arena
D:5:      layout_basic, serial_shops, shop
D:6:      layout_loops_ring, minmay_temple_entry_ruins
D:7:      layout_rooms, grunt_potential, uniq_maggie

Skill      XL: |  1  2  3  4  5  6  7  8  9 |
---------------+----------------------------+-----
Stealth        | 1 2 3 4 |  4.0
Shields        | 4 |  4.0
Long Blades    | 3 4 5 6 8 10 | 10.7
Fighting       | 4 |  4.0
Armour         | 4 |  4.0
Invocations    | 1 4 |  4.0

Action                   |  1- 3 |  4- 6 |  7- 9 || total
-------------------------+-------+-------+-------++-------
Melee: Long sword        |    90 |   183 |   321 ||   594
Invok: Heroism           |       |       |     3 ||     3
 Abil: Dig               |       |     6 |     3 ||     9
  Use: Potion            |       |     3 |       ||     3
       Scroll            |       |     1 |    10 ||    11
 Stab: Sleeping          |       |       |     1 ||     1
Armor: Scale mail        |    38 |    89 |   138 ||   265
Dodge: Dodged            |    25 |    50 |    82 ||   157
Block: Kite shield       |    32 |    82 |   221 ||   335
       Reflection        |       |       |     1 ||     1
       Rpst.: Long sword |     9 |    10 |    23 ||    42

Table legend: (Time is in decaauts)
 A = Elapsed time spent in this place.
 B = Non-inter-level travel time spent in this place.
 C = Inter-level travel time spent in this place.
 D = Time resting spent in this place.
 E = Time spent auto-exploring this place.
 F = Levels seen in this place.
 G = Mean time per level.
                   A        B        C        D        E       F      G
               +--------+--------+--------+--------+--------+-----+--------+
         Total |   7396 |   6952 |    444 |   1353 |   4236 |   7 | 1056.6 |
       Dungeon |   7396 |   6952 |    444 |   1353 |   4236 |   7 | 1056.6 |
               +--------+--------+--------+--------+--------+-----+--------+

Top non-repeatable levels by time:
     D:3: 1780 daAuts
     D:2: 1386 daAuts
     D:1: 1214 daAuts
     D:6: 1115 daAuts
     D:5: 890 daAuts
     D:4: 562 daAuts
     D:7: 447 daAuts
